[Event "ICC tourney 2545 (5 3)"]
[Site "Internet Chess Club"]
[Date "2021.04.11"]
[Round "6"]
[White "AbhinavSinha19"]
[Black "CPS1218"]
[Result "0-1"]
[ICCResult "White checkmated"]
[WhiteElo "1235"]
[BlackElo "1353"]
[Opening "King's pawn opening"]
[ECO "B07"]
[NIC "VO.17"]
[Time "16:14:46"]
[TimeControl "300+3"]

1. e4 d6 2. d4 g6 3. Nf3 Bg7 4. Bd3 Nf6 5. Nc3 O-O 6. Bf4 Bg4 7. h3 Bxf3 8.
Qxf3 Nc6 9. Qe3 e5 10. dxe5 dxe5 11. Bg5 a6 12. O-O-O Qe8 13. f4 exf4 14.
Qxf4 Qe7 15. Rdf1 Nh5 16. Bxe7 Nxf4 17. Bxf8 Nxd3+ 18. cxd3 Rxf8 19. Nd5 Nd4
20. Kb1 c6 21. Nf6+ Bxf6 22. Rxf6 Rd8 23. Rhf1 Rd7 24. e5 Ne6 25. g4 Nc5 26.
h4 Nxd3 27. e6 fxe6 28. Rxe6 Kg7 29. g5 Nc5 30. Ref6 Ne4 31. R6f4 Nd2+ 32.
Kc2 Nxf1 33. Rxf1 Rf7 34. Rd1 Re7 35. Kb1 Kf7 36. Rf1+ Kg7 37. Rc1 Kf7 38.
Rf1+ Ke8 39. Rd1 Re4 40. Rh1 Re5 41. b4 Ke7 42. a3 Ke6 43. Kb2 Kf5 44. Kb1
Kg4 45. Kb2 Kh5 46. Kc3 Re4 47. Kd3 Rxh4 48. Rxh4+ Kxh4 49. Ke3 Kxg5 50. Kf3
Kh4 51. Kg2 Kg4 52. a4 h5 53. a5 h4 54. b5 cxb5 55. Kg1 Kf3 56. Kh1 g5 57.
Kh2 g4 58. Kh1 g3 59. Kg1 h3 60. Kh1 g2+ 61. Kh2 b4 62. Kg1 b3 63. Kh2 b2
64. Kxh3 g1=Q 65. Kh4 Qg4# {White checkmated} 0-1

[Event "ICC tourney 2545 (5 3)"]
[Site "Internet Chess Club"]
[Date "2021.04.11"]
[Round "6"]
[White "sorrym8"]
[Black "Grieve72"]
[Result "1-0"]
[ICCResult "Black resigns"]
[WhiteElo "1954"]
[BlackElo "2202"]
[Opening "QGD: semi-Slav"]
[ECO "D31"]
[NIC "SL.06"]
[Time "16:13:55"]
[TimeControl "300+3"]

1. d4 d5 2. c4 e6 3. Nc3 c6 4. e3 f5 5. Qc2 Nf6 6. Nf3 Bd6 7. Bd3 Ne4 8. O-O
O-O 9. b3 Nd7 10. Bb2 b6 11. Ne2 Bb7 12. Rad1 Qe7 13. Nf4 Rac8 14. Ne5 c5
15. Nxd7 Qxd7 16. Bxe4 fxe4 17. dxc5 bxc5 18. cxd5 exd5 19. Ne2 Rf5 20. Ng3
Rg5 21. f4 exf3 22. Rxf3 d4 23. Rf5 Rg6 24. Qc4+ Kh8 25. Rf7 Qc6 26. Qf1 Kg8
27. exd4 Bxg3 28. hxg3 cxd4 29. Bxd4 Rxg3 30. Rd2 Rd8 31. Bxa7 Re8 32. Rdf2
h6 33. Rf8+ Rxf8 34. Rxf8+ Kh7 35. Rf2 h5 36. Bd4 Qg6 37. Be5 Rg4 38. a4 h4
39. Kh2 Qg5 40. Bf4 Qg6 41. b4 Qe4 42. a5 Qxb4 43. a6 Bxa6 44. Qd1 Bc8 45.
Qc2+ Rg6 46. Qxc8 Qe1 47. Qc5 Kg8 48. Qd5+ Kh7 49. Qh5+ Kg8 50. Re2 Qb1 51.
Rd2 Qb6 52. Qd5+ Kh7 53. Qf5 Kg8 54. Re2 Qc6 55. Qe4 Qf6 56. Be5 Qg5 57. Qf4
Qh5 58. Rf2 Kh7 59. Qf5 Qd1 60. Rf4 Qe2 61. Rxh4+ Kg8 62. Qxg6 Qxe5+ 63. Qg3
{Black resigns}
1-0

[Event "ICC tourney 2545 (5 3)"]
[Site "Internet Chess Club"]
[Date "2021.04.11"]
[Round "6"]
[White "pribi1978"]
[Black "cstefan"]
[Result "0-1"]
[ICCResult "White resigns"]
[WhiteElo "1663"]
[BlackElo "1959"]
[Opening "Réti opening"]
[ECO "A11"]
[NIC "RE.05"]
[Time "16:14:40"]
[TimeControl "300+3"]

1. Nf3 d5 2. c4 c6 3. g3 Nf6 4. Bg2 Bg4 5. Ne5 Be6 6. Qb3 Qb6 7. Qxb6 axb6
8. cxd5 Bxd5 9. Bxd5 Nxd5 10. O-O e6 11. Nc3 Bd6 12. Nxd5 exd5 13. Nf3 Nd7
14. d3 O-O 15. Be3 h6 16. a3 Rfe8 17. Rfe1 b5 18. Rac1 b4 19. axb4 Bxb4 20.
Red1 Ra2 21. Rb1 Kh7 22. Bd4 Rxe2 23. Kf1 Re8 24. Nh4 g6 25. Nf3 Raa8 26.
Ra1 f6 27. Rdc1 Kg7 28. h4 Kf7 29. Be3 h5 30. Bd4 Bd6 31. Be3 Ne5 32. Nxe5+
Bxe5 33. d4 Bd6 34. Kg2 Ke6 35. Rcb1 Bb4 36. Kf3 Kf5 37. Rc1 g5 38. hxg5
fxg5 39. Rh1 Kg6 40. Kg2 Rh8 41. Rhg1 Kf5 42. Rh1 Kg6 43. Rhg1 Rhe8 44. Rgc1
Bd6 45. Rh1 Rh8 46. Rhg1 h4 47. gxh4 Rxa1 48. Rxa1 gxh4 49. Kh3 Kf5 50. Rg1
Rh7 51. Rg8 Ke4 52. Rg6 Bc7 53. b4 Kd3 54. Rg1 Kc4 55. Rb1 Bd6 56. b5 cxb5
57. Rc1+ Kb3 58. Rb1+ Ka4 59. Ra1+ Ba3 60. Rc1 b4 61. Rc5 b3 62. Bd2 b2 63.
Ra5+ Kb3 64. Rb5+ Kc2 {White resigns} 0-1

[Event "ICC tourney 2545 (5 3)"]
[Site "Internet Chess Club"]
[Date "2021.04.11"]
[Round "6"]
[White "Ashibarai"]
[Black "GrandTurk"]
[Result "1-0"]
[ICCResult "Black resigns"]
[WhiteElo "1679"]
[BlackElo "1829"]
[Opening "Sicilian: Alapin's variation (2.c3)"]
[ECO "B22"]
[NIC "SI.46"]
[Time "16:14:19"]
[TimeControl "300+3"]

1. e4 c5 2. c3 d5 3. exd5 Qxd5 4. d4 Nf6 5. Nf3 e6 6. Be2 Be7 7. O-O cxd4 8.
cxd4 Nc6 9. Nc3 Qd8 10. Bf4 O-O 11. h3 b6 12. Qd2 Bb7 13. Rac1 Rc8 14. Bd3
Nb4 15. Bb1 Nbd5 16. Nxd5 Bxd5 17. Ne5 Rxc1 18. Rxc1 Qa8 19. f3 Rc8 20. Re1
Qb7 21. Qd3 g6 22. a3 Bf8 23. Bg5 Bg7 24. Qe3 Nd7 25. Nd3 Rc4 26. Ne5 Nxe5
27. dxe5 Bf8 28. Kh2 Rc8 29. Bf6 Qc7 30. Be4 Bxe4 31. Qxe4 Bg7 32. Qf4 Qc2
33. Bxg7 Kxg7 34. Re3 Qf5 35. Qxf5 gxf5 36. Rc3 Rd8 37. Rc7 Rd2 38. b4 a5
39. bxa5 bxa5 40. Rc5 a4 41. Ra5 Rd4 42. Kg3 f4+ 43. Kg4 Kg6 44. Ra8 h5+ 45.
Kh4 Kf5 46. Kxh5 Kxe5 47. Kg4 f5+ 48. Kg5 Kd5 49. h4 Rd2 50. Kxf4 Rxg2 51.
h5 Rh2 52. Kg5 e5 53. h6 e4 54. fxe4+ fxe4 55. Kg6 e3 56. h7 Kc4 57. Rxa4+
Kd3 58. Ra8 e2 59. Rd8+ Kc2 60. Re8 Rg2+ 61. Kf5 Rf2+ 62. Kg4 {Black
resigns} 1-0

[Event "ICC tourney 2545 (5 3)"]
[Site "Internet Chess Club"]
[Date "2021.04.11"]
[Round "6"]
[White "justinchess"]
[Black "Openyagami"]
[Result "1-0"]
[ICCResult "Black resigns"]
[WhiteElo "2148"]
[BlackElo "2520"]
[Opening "King's Indian: Makagonov system (5.h3)"]
[ECO "E71"]
[NIC "KI.30"]
[Time "16:14:47"]
[TimeControl "300+3"]

1. d4 Nf6 2. c4 g6 3. Nc3 Bg7 4. e4 d6 5. h3 O-O 6. Bg5 Nbd7 7. Bd3 e5 8. d5
Nc5 9. Bc2 a5 10. Nge2 h6 11. Be3 Nh7 12. Qd2 Qh4 13. O-O-O f5 14. g3 Qh5
15. exf5 gxf5 16. g4 Qh4 17. gxf5 Bxf5 18. Rdg1 Ng5 19. Bxf5 Rxf5 20. Rg4
Qh5 21. Ng3 Qf7 22. Nxf5 Qxf5 23. Bxc5 dxc5 24. Rhg1 Kh8 25. Qe3 e4 26. Nd1
Bd4 27. Qg3 Be5 28. Qh4 Kh7 29. Ne3 Qf3 30. Rxg5 Bf6 31. Qh5 Bxg5 32. Rxg5
Qxh5 33. Rxh5 Kg6 34. Rf5 a4 35. Rf4 a3 36. b3 Re8 37. Kd2 Re5 38. h4 Re7
39. Nd1 c6 40. Nc3 cxd5 41. cxd5 Rd7 42. Rxe4 b5 43. Nxb5 Rxd5+ 44. Kc2 Rf5
45. f4 Kh5 46. Nxa3 Kxh4 47. Nc4 Kg3 48. a4 h5 49. Re5 Rxe5 50. fxe5 h4 51.
e6 h3 52. e7 h2 53. e8=Q h1=Q 54. Qe3+ Kg4 55. Qxc5 Qe4+ 56. Kb2 Qe2+ 57.
Ka3 Qe4 58. a5 Qb1 59. Kb4 Qe1+ 60. Kb5 Qe8+ 61. Qc6 Qb8+ 62. Ka4 Qh8 63.
Qe4+ Kg3 64. Qe5+ {Black resigns} 1-0

[Event "ICC tourney 2545 (5 3)"]
[Site "Internet Chess Club"]
[Date "2021.04.11"]
[Round "6"]
[White "CKGhosh"]
[Black "fishbein"]
[Result "1/2-1/2"]
[ICCResult "Game drawn because neither player has mating material"]
[WhiteElo "1855"]
[BlackElo "2463"]
[Opening "Sicilian: Boleslavsky variation, 7.Nb3"]
[ECO "B59"]
[NIC "SI.25"]
[Time "16:15:05"]
[TimeControl "300+3"]

1. e4 c5 2. Nf3 d6 3. d4 cxd4 4. Nxd4 Nf6 5. Nc3 Nc6 6. Be2 e5 7. Nb3 Be7 8.
Be3 O-O 9. O-O a5 10. f4 a4 11. Nd2 exf4 12. Rxf4 Be6 13. a3 d5 14. exd5
Nxd5 15. Nxd5 Bxd5 16. Nc4 Bg5 17. Rf2 Bxe3 18. Nxe3 Be6 19. Qxd8 Rfxd8 20.
Rd1 Rxd1+ 21. Nxd1 Ne5 22. Nc3 f6 23. h3 Bc4 24. Bf3 Nxf3+ 25. Rxf3 b5 26.
Rf5 Rb8 27. Rc5 Rb7 28. Kf2 Kf7 29. b3 axb3 30. cxb3 Bxb3 31. Rxb5 Rxb5 32.
Nxb5 Ke7 33. Ke3 Bc4 34. Nc3 Ke6 35. Kd4 Bf1 36. Nd5 g5 37. Ne3 Be2 38. g3
f5 39. Nd5 Bf3 40. Nc3 f4 41. gxf4 gxf4 42. a4 Kf5 43. a5 Bb7 44. Nb5 Kg5
45. Nd6 Ba6 46. Ke4 Kh4 47. Kxf4 Kxh3 48. Ne4 h5 49. Nc5 Bb5 50. Ne4 h4 51.
Kg5 Bc6 52. Nd6 Ba8 53. Nf5 Kg2 54. Nxh4+ Kg3 55. Ng6 Kf3 56. Kf5 Ke3 57.
Ke5 Kd3 58. Kd6 Kc4 59. Kc7 Kb5 60. Ne7 Kxa5
{Game drawn because neither player has mating material}
1/2-1/2

[Event "ICC tourney 2545 (5 3)"]
[Site "Internet Chess Club"]
[Date "2021.04.11"]
[Round "6"]
[White "IsaiahS"]
[Black "kdbel"]
[Result "0-1"]
[ICCResult "White checkmated"]
[WhiteElo "1412"]
[BlackElo "1571"]
[Opening "French: advance, Milner-Barry gambit"]
[ECO "C02"]
[NIC "FR.03"]
[Time "16:14:42"]
[TimeControl "300+3"]

1. e4 e6 2. d4 d5 3. e5 c5 4. c3 Nc6 5. Nf3 Qb6 6. Bd3 c4 7. Bc2 Bd7 8. O-O
Nge7 9. Nbd2 h6 10. b3 cxb3 11. Nxb3 Nc8 12. Rb1 Qc7 13. Re1 Nb6 14. Nbd2
Na5 15. Bb2 Be7 16. Bb3 Nac4 17. Nxc4 Nxc4 18. Bxc4 Qxc4 19. Qb3 Qc7 20.
Rec1 Rc8 21. Ba3 Bc6 22. c4 dxc4 23. Rxc4 O-O 24. Bxe7 Qxe7 25. Rcc1 Rfd8
26. Rd1 Bd5 27. Qb2 Rc7 28. Ne1 Qg5 29. Qd2 Rdc8 30. Qxg5 hxg5 31. a3 Rc3
32. Rd3 R3c4 33. f3 g4 34. Kf2 gxf3 35. gxf3 f6 36. exf6 gxf6 37. Ke3 Kf7
38. Rb2 Rc3 39. h4 Rc1 40. Ng2 Rf1 41. Ke2 Rg1 42. Nf4 Rh1 43. Ke3 Rxh4 44.
Nxd5 exd5 45. Rxb7+ Kg6 46. Rxa7 Re8+ 47. Kd2 Rh2+ 48. Kc3 Rc8+ 49. Kb3 Rh1
50. a4 Rb1+ 51. Ka2 Rcb8 52. Rd7 R8b2+ 53. Ka3 Rb6 54. Ka2 R6b2+ 55. Ka3 Rb6
56. Rd2 R1b3+ 57. Ka2 R3b4 58. Ka3 Rb3+ 59. Ka2 R3b4 60. Rd3 Rxa4+ 61. Ra3
Rxd4 62. Rb3 Rd2+ 63. Ka3 Rxb3+ 64. Kxb3 Rd3+ 65. Kb4 Kf5 66. Kc5 Kf4 67.
Rf7 f5 68. Rf8 Rxf3 69. Kxd5 Ke3 70. Re8+ Kf2 71. Kd4 f4 72. Rg8 Rg3 73. Rf8
f3 74. Kd3 Kg1 75. Kd2 Rg2+ 76. Ke3 f2 77. Rh8 f1=Q 78. Ke4 Re2+ 79. Kd3
Qd1+ 80. Kc4 Rc2+ 81. Kb3 Qb1+ 82. Ka4 Ra2# {White checkmated} 0-1

[Event "ICC tourney 2545 (5 3)"]
[Site "Internet Chess Club"]
[Date "2021.04.11"]
[Round "6"]
[White "Keka34"]
[Black "Casopis"]
[Result "1-0"]
[ICCResult "Black checkmated"]
[WhiteElo "1529"]
[BlackElo "1627"]
[Opening "Sicilian: Pelikan (Lasker/Sveshnikov) variation"]
[ECO "B33"]
[NIC "SI.35"]
[Time "16:15:22"]
[TimeControl "300+3"]

1. e4 c5 2. Nf3 Nc6 3. d4 cxd4 4. Nxd4 Nf6 5. Nc3 e5 6. Ndb5 d6 7. Na3 Be6
8. Bg5 Be7 9. Bxf6 Bxf6 10. Nd5 Bxd5 11. Qxd5 O-O 12. Bd3 Nb4 13. Qb3 Nxd3+
14. Qxd3 Qb6 15. O-O Rfd8 16. Nc4 Qc5 17. b4 Qc6 18. Rad1 Be7 19. f4 Rac8
20. Ne3 exf4 21. Rxf4 Bg5 22. Rg4 Bxe3+ 23. Qxe3 Qxc2 24. Qd4 g6 25. h4 Rc4
26. Qd5 Qxa2 27. h5 Rc2 28. hxg6 Qxd5 29. gxf7+ Kxf7 30. Rxd5 Rb2 31. Rf5+
Ke6 32. Rh5 Rxb4 33. Rh6+ Kd7 34. Rxh7+ Kc6 35. Kf2 a5 36. Ke3 a4 37. Rgg7
Rc8 38. g4 Re8 39. Rc7+ Kb5 40. Rxb7+ Kc4 41. Rhc7+ Kb3 42. Rxb4+ Kxb4 43.
Rb7+ Kc3 44. g5 a3 45. Ra7 Kb2 46. Kd2 Rxe4 47. Rb7+ Ka1 48. g6 Rg4 49. g7
d5 50. Ke3 a2 51. Kd2 Rg3 52. Kc2 Rg1 53. Rf7 Rg2+ 54. Kb3 Rg1 55. g8=Q Rb1+
56. Kc3 Rc1+ 57. Kd2 Rb1 58. Qg7+ Rb2+ 59. Kc3 d4+ 60. Qxd4 Rb4 61. Rf1+ Rb1
62. Kc2# {Black checkmated} 1-0

[Event "ICC tourney 2545 (5 3)"]
[Site "Internet Chess Club"]
[Date "2021.04.11"]
[Round "6"]
[White "sudhirkj"]
[Black "MrsPiggy"]
[Result "1-0"]
[ICCResult "Black forfeits on time"]
[WhiteElo "1375"]
[BlackElo "1340"]
[Opening "Polish (Sokolsky) opening"]
[ECO "A00"]
[NIC "VO.10"]
[Time "16:14:27"]
[TimeControl "300+3"]

1. b4 e5 2. Bb2 d6 3. a4 b6 4. e3 Bb7 5. Nf3 c6 6. c4 Nf6 7. h3 Be7 8. Na3
Na6 9. b5 Nc5 10. Ng5 h6 11. d4 exd4 12. exd4 Nce4 13. Nxe4 Nxe4 14. Qg4 Ng5
15. h4 Bc8 16. Qe2 Ne6 17. d5 cxd5 18. cxd5 Nc5 19. Bxg7 Rg8 20. Bxh6 Qd7
21. Nc4 Kd8 22. f3 Re8 23. Be3 Bf6 24. Ra3 Kc7 25. g3 Qf5 26. Kf2 Bb7 27. a5
Bxd5 28. axb6+ axb6 29. Rxa8 Rxa8 30. Bxc5 dxc5 31. Ne3 Qd7 32. Bh3 Qd6 33.
Nxd5+ Qxd5 34. Qe4 Ra2+ 35. Ke3 Ra3+ 36. Kf4 Qd6+ 37. Kg4 Qd7+ 38. Kh5 Qd6
39. g4 Rd3 40. Qf5 Rd5 41. g5 Rxf5 42. Bxf5 Bg7 43. Be4 f6 44. Rg1 Qe5 45.
Kg6 f5 46. Bxf5 Bf8 47. Be4 Qe6+ 48. Kh5 Qe8+ 49. Kg4 Bg7 50. Rd1 Bd4 51. h5
Qe6+ 52. Bf5 Qf7 53. f4 Qd5 54. h6 Qg2+ 55. Kh5 Qf3+ 56. Bg4 Qxf4 57. Rxd4
cxd4 58. g6 Qe5+ 59. Kh4 Qf6+ 60. Kh5 d3 61. g7 Qf7+ 62. Kh4 Qg6 63. Bh5 Qh7
64. Bf7 Qe4+ 65. Kg5 Qe5+ 66. Kg6 Qe4+ 67. Kf6 Qf4+ 68. Ke7 Qg5+ 69. Kf8
Qc5+ 70. Kg8 Qe7 71. Bb3 d2 72. Kh8 Qe8+ 73. g8=Q Qe5+ 74. Qg7+ Kb8 75.
Qxe5+ {Black forfeits on time} 1-0

[Event "ICC tourney 2545 (5 3)"]
[Site "Internet Chess Club"]
[Date "2021.04.11"]
[Round "6"]
[White "vassily1666"]
[Black "Rasalaghe"]
[Result "1/2-1/2"]
[ICCResult "Black stalemated"]
[WhiteElo "1666"]
[BlackElo "1230"]
[Opening "Scandinavian (center counter) defense"]
[ECO "B01"]
[NIC "SD.01"]
[Time "16:15:28"]
[TimeControl "300+3"]

1. e4 d5 2. exd5 Qxd5 3. Nc3 Qa5 4. Bc4 Nf6 5. d3 c6 6. Be3 Bg4 7. Qd2 e6 8.
Nge2 Nbd7 9. f3 Bh5 10. h4 h6 11. O-O-O Nd5 12. Bxd5 cxd5 13. Nf4 Nf6 14. g4
Bg6 15. Nxg6 fxg6 16. Qf2 Bb4 17. Bd2 Bxc3 18. Bxc3 Qxa2 19. Qc5 Nd7 20. Qd6
Qa6 21. Qxa6 bxa6 22. Bxg7 Rh7 23. Bd4 Rf7 24. Rhe1 Ke7 25. Re3 Kd6 26. Rde1
Re7 27. f4 Rf8 28. f5 gxf5 29. gxf5 Rxf5 30. Bxa7 Rh5 31. Rh3 Rf5 32. Be3 h5
33. Bg5 Re8 34. Rg3 Ne5 35. Bd2 Ng4 36. Bb4+ Kd7 37. Rg2 Rf4 38. Rge2 Rxb4
39. c3 Rb6 40. Rf1 Ke7 41. Kc2 e5 42. Rf5 Ke6 43. Rxh5 Rf8 44. Rg5 Rf2 45.
Rxf2 Nxf2 46. Rg6+ Kf5 47. Rxb6 e4 48. dxe4+ dxe4 49. Kd2 Kg4 50. Rf6 Kg3
51. Ke3 Ng4+ 52. Kxe4 Nxf6+ 53. Ke5 Nh5 54. c4 Kxh4 55. c5 Ng7 56. c6 Ne8
57. Kd5 Kg5 58. Kc5 Kf6 59. Kb6 Ke7 60. Kxa6 Kd6 61. Kb6 Nc7 62. b3 Nd5+ 63.
Kb7 Nc7 64. b4 Nb5 65. Kb6 Nc7 66. b5 Nxb5 67. Kxb5 Kc7 68. Kc5 Kc8 69. Kd6
Kd8 70. Kd5 Kc7 71. Kc5 Kc8 72. Kd6 Kd8 73. Ke6 Kc7 74. Kd5 Kc8 75. Kc4 Kc7
76. Kb5 Kc8 77. Ka6 Kc7 78. Kb5 Kc8 79. Kb6 Kb8 80. Kb5 Kc7 81. Kc5 Kc8 82.
Kb6 Kb8 83. Kc5 Kc7 84. Kd5 Kc8 85. Ke6 Kc7 86. Kd5 Kc8 87. Kd6 Kd8 88. c7+
Kc8 89. Kc6 {Black stalemated} 1/2-1/2

[Event "ICC tourney 2545 (5 3)"]
[Site "Internet Chess Club"]
[Date "2021.04.11"]
[Round "6"]
[White "HobbyChess"]
[Black "Vazulka"]
[Result "0-1"]
[ICCResult "White resigns"]
[WhiteElo "2074"]
[BlackElo "1850"]
[Opening "Ruy Lopez: exchange variation"]
[ECO "C68"]
[NIC "RL.08"]
[Time "16:15:28"]
[TimeControl "300+3"]

1. e4 e5 2. Nf3 Nc6 3. Bb5 a6 4. Bxc6 dxc6 5. d4 exd4 6. Qxd4 Qxd4 7. Nxd4
c5 8. Ne2 Bd7 9. Nbc3 O-O-O 10. Bf4 Ne7 11. O-O-O f6 12. h4 Nc6 13. Rd2 Be6
14. Nd5 Bxd5 15. exd5 Ne7 16. c4 Nf5 17. b3 Bd6 18. Bxd6 Rxd6 19. g4 Ne7 20.
Nf4 Ng6 21. Ne6 Ne5 22. g5 fxg5 23. hxg5 b6 24. Nxg7 Nf3 25. Re2 Nxg5 26.
Rh5 Nf3 27. Re8+ Rd8 28. Rxd8+ Kxd8 29. Rf5 Nd4 30. Rf7 h5 31. Ne6+ Nxe6 32.
dxe6 h4 33. Rd7+ Kc8 34. Rd1 h3 35. f4 h2 36. Rh1 Kd8 37. Kd2 Ke7 38. Ke3
Kxe6 39. Ke4 Kf6 40. a3 c6 41. a4 a5 42. f5 Rh4+ 43. Kf3 Kxf5 44. Kg3 Rh6
45. Kg2 Ke4 46. Re1+ Kd3 47. Kh1 Kd2 48. Rf1 Kc3 49. Rf3+ Kb4 50. Rg3 Rd6
51. Kxh2 Rd2+ 52. Kh3 Rb2 53. Kg4 Rxb3 {White resigns} 0-1

[Event "ICC tourney 2545 (5 3)"]
[Site "Internet Chess Club"]
[Date "2021.04.11"]
[Round "6"]
[White "Artist2020"]
[Black "Jude"]
[Result "1/2-1/2"]
[ICCResult "Game drawn because neither player has mating material"]
[WhiteElo "1723"]
[BlackElo "1644"]
[Opening "Old Indian defense"]
[ECO "A42"]
[NIC "OI.07"]
[Time "16:14:37"]
[TimeControl "300+3"]

1. d4 d6 2. c4 e5 3. dxe5 dxe5 4. Qxd8+ Kxd8 5. Nf3 f6 6. Nc3 c6 7. g3 Be6
8. b3 Bb4 9. Bd2 Ne7 10. Bg2 a5 11. Rd1 Kc7 12. O-O Nd7 13. Ne4 Rhd8 14.
Bxb4 axb4 15. Rd2 b6 16. Rfd1 Nc5 17. Rxd8 Rxd8 18. Rxd8 Kxd8 19. Nxc5 bxc5
20. Nd2 Bf5 21. Be4 g6 22. Kg2 Kc7 23. Kf3 h5 24. Ke3 Nc8 25. h3 Nd6 26.
Bxf5 Nxf5+ 27. Kd3 Nd6 28. g4 hxg4 29. hxg4 Kd7 30. Ke3 f5 31. gxf5 gxf5 32.
Nf3 Ke6 33. Ng5+ Kf6 34. Nf3 Ne4 35. Ne1 Ke6 36. Nd3 Kd6 37. f4 exf4+ 38.
Kxf4 Nc3 39. e3 Nd1 40. Ne1 Ke6 41. Nd3 Kd6 42. Ne1 Ke6 43. Nd3 Kd6 44. Kf3
Nc3 45. Kf4 Nd1 46. Kf3 Nc3 47. Kf4 Nd1 48. Kf3 Nc3 49. Kf4 Nd1 50. Kf3 Nc3
51. Kf4 Nd1 52. Nc1 Ke6 53. Nd3 Kd6 54. Kf3 Nc3 55. Kf4 Nd1 56. Nc1 Ke6 57.
Nd3 Nc3 58. Nxc5+ Kf6 59. Nd7+ Ke6 60. Nc5+ Kf6 61. Nd7+ Ke6 62. Nb8 Kd6 63.
Kxf5 Nxa2 64. e4 Nc1 65. e5+ Kc7 66. Na6+ Kb6 67. Nxb4 Nxb3 68. e6 Nd4+ 69.
Ke5 Nxe6 70. Kxe6 Kc5 71. Nxc6 Kxc4
{Game drawn because neither player has mating material}
1/2-1/2

[Event "ICC tourney 2545 (5 3)"]
[Site "Internet Chess Club"]
[Date "2021.04.11"]
[Round "6"]
[White "A4-H5"]
[Black "TheOrcaPro"]
[Result "0-1"]
[ICCResult "White resigns"]
[WhiteElo "1832"]
[BlackElo "1563"]
[Opening "Amar (Paris) opening"]
[ECO "A00"]
[NIC "VO.16"]
[Time "16:14:11"]
[TimeControl "300+3"]

1. Nh3 e5 2. c4 Nf6 3. Nc3 c6 4. d4 exd4 5. Qxd4 d5 6. Bg5 Be7 7. cxd5 cxd5
8. Nf4 Be6 9. Nxe6 fxe6 10. e4 dxe4 11. Qa4+ Qd7 12. Bb5 Nc6 13. Rd1 Qc7 14.
Bxf6 Bxf6 15. Nxe4 Bxb2 16. Nd6+ Ke7 17. O-O Rad8 18. Nc4 Bf6 19. Rde1 a6
20. Bxc6 Qxc6 21. Qa3+ Kf7 22. Qb3 Qb5 23. Qc2 Qc6 24. Qb3 Qb5 25. Qc2 Ke7
26. a4 Qc6 27. Qb3 Rc8 28. Qb4+ Qc5 29. Qxc5+ Rxc5 30. Ne3 Ra5 31. Rb1 Rb8
32. Rb4 b5 33. axb5 Rbxb5 34. Rc4 Rc5 35. Rb4 Rab5 36. Ra4 a5 37. g3 Rb4 38.
Ra2 a4 39. Re1 Ra5 40. Nc2 Rb2 41. Rxb2 Bxb2 42. Kf1 a3 43. Na1 Rc5 44. Nb3
Rb5 45. Na1 a2 46. Kg2 Bc3 47. Rc1 Bb2 48. Rd1 Rc5 49. Nb3 Rc3 50. Na1 Rc1
51. Rxc1 Bxc1 52. Nb3 Bb2 53. f4 a1=Q 54. Nxa1 Bxa1 55. Kf3 Kf6 56. Ke4 e5
57. g4 exf4 58. Kxf4 Be5+ 59. Kf3 Bxh2 60. Kg2 Be5 61. Kf3 Kg5 62. Ke4 Kxg4
63. Kxe5 h5 64. Ke4 h4 65. Ke3 Kg3 66. Ke2 Kg2 67. Ke3 h3 68. Kf4 h2 69. Kg4
h1=Q 70. Kg5 Kh2 71. Kh4 Qe4+ 72. Kg5 g6 73. Kh6 g5 74. Kxg5 Qf3 75. Kh4 Qg2
76. Kh5 Qg3 77. Kh6 Qg4 78. Kh7 Qg5 79. Kh8 Kg3 80. Kh7 Kf4 {White resigns}
0-1

[Event "ICC tourney 2545 (5 3)"]
[Site "Internet Chess Club"]
[Date "2021.04.11"]
[Round "6"]
[White "Comeback2016"]
[Black "Swaggernaut99"]
[Result "0-1"]
[ICCResult "White checkmated"]
[WhiteElo "1717"]
[BlackElo "1764"]
[Opening "English: ultra-symmetrical variation"]
[ECO "A36"]
[NIC "EO.31"]
[Time "16:15:01"]
[TimeControl "300+3"]

1. c4 c5 2. g3 g6 3. Bg2 Nc6 4. Nc3 Bg7 5. a3 Nf6 6. e4 O-O 7. Nge2 d6 8. h3
e5 9. O-O Bd7 10. Rb1 Qc8 11. Kh2 h6 12. b4 b6 13. d3 Rb8 14. Bd2 Kh7 15.
Qc2 Nd4 16. Nxd4 cxd4 17. Ne2 b5 18. c5 dxc5 19. bxc5 Nh5 20. f4 exf4 21.
Nxf4 Nf6 22. Rfc1 Bc6 23. Nd5 Rd8 24. Ne7 Qe6 25. Nxc6 Qxc6 26. Bf4 Rbc8 27.
Qb3 Nh5 28. Qxb5 Nxf4 29. gxf4 Qf6 30. Rf1 Rb8 31. Qxb8 Rxb8 32. Rxb8 Qc6
33. e5 Qxc5 34. Rb7 Qxa3 35. Rxf7 Qb3 36. Rxa7 Qxd3 37. e6 Qe2 38. e7 d3 39.
Rd7 d2 40. Rxd2 Qxe7 41. Re2 Qxe2 42. f5 gxf5 43. Rxf5 Be5+ 44. Kh1 Qe1+ 45.
Rf1 Qg3 46. Kg1 Bd4+ 47. Kh1 Be5 48. Kg1 Qh2+ 49. Kf2 Bd4+ 50. Kf3 Qd6 51.
Ke2 Qa6+ 52. Kf3 Qd3+ 53. Kg4 Qg6+ 54. Kf3 Qd3+ 55. Kg4 Kg6 56. Rf4 Qe2+ 57.
Bf3 Qe6+ 58. Kh4 Bf2# {White checkmated} 0-1

[Event "ICC tourney 2545 (5 3)"]
[Site "Internet Chess Club"]
[Date "2021.04.11"]
[Round "6"]
[White "Kimster98"]
[Black "doogie"]
[Result "0-1"]
[ICCResult "White checkmated"]
[WhiteElo "2119"]
[BlackElo "2130"]
[Opening "QGD: Tarrasch, Prague variation, Normal position"]
[ECO "A08"]
[NIC "TD.04"]
[Time "16:14:27"]
[TimeControl "300+3"]

1. Nf3 d5 2. g3 c5 3. Bg2 Nc6 4. d4 e6 5. O-O Nf6 6. c4 Be7 7. cxd5 exd5 8.
Nc3 O-O 9. dxc5 Bxc5 10. Bg5 Be6 11. Bxf6 Qxf6 12. Nxd5 Qxb2 13. Nc7 Rad8
14. Qc1 Qxc1 15. Raxc1 Bb6 16. Nxe6 fxe6 17. Rc4 h6 18. Rb1 Rd5 19. h4 Rfd8
20. Bh3 Rd1+ 21. Rxd1 Rxd1+ 22. Kg2 Kf7 23. Rf4+ Ke7 24. Rg4 Kf7 25. Rf4+
Ke7 26. Re4 Nd8 27. e3 Rd5 28. Ne5 Bc7 29. Nf3 b5 30. Nd4 Be5 31. Nf3 Bf6
32. a4 a6 33. axb5 axb5 34. Kf1 Rc5 35. Ne1 Rc1 36. Ke2 b4 37. Nd3 b3 38.
Rb4 b2 39. Nxb2 Rc2+ 40. Kf3 Rxb2 41. Ra4 Nc6 42. Bf1 Kd6 43. Kg2 Ne5 44.
Ra6+ Ke7 45. Ra7+ Nd7 46. Ra6 Rb6 47. Ra7 Be5 48. Bd3 Rd6 49. Bb5 Rd2 50.
Kf3 Bb8 51. Rb7 Be5 52. Ke4 Bf6 53. f4 Kd8 54. Ra7 Nc5+ 55. Kf3 Rb2 56. Bc4
Rb4 57. Be2 Rb3 58. Bd1 Rc3 59. Ke2 Ne4 60. g4 Bxh4 61. Rxg7 Ng3+ 62. Kd2
Ne4+ 63. Ke2 Bf2 64. Ba4 Rxe3+ 65. Kf1 Rf3 66. Kg2 Rxf4 67. Rg6 Bd4 68. Rxh6
Rf2+ 69. Kh3 Be5 70. g5 Nxg5+ 71. Kg4 Rg2+ 72. Kh5 Ke7 73. Rg6 Bf6 74. Bb3
Kf7 75. Bxe6+ Kxe6 76. Rg8 Kf5 77. Kh4 Rh2+ 78. Kg3 Be5# {White checkmated}
0-1

[Event "ICC tourney 2545 (5 3)"]
[Site "Internet Chess Club"]
[Date "2021.04.11"]
[Round "6"]
[White "Vision2000"]
[Black "Iulia85"]
[Result "1/2-1/2"]
[ICCResult "Game drawn by mutual agreement"]
[WhiteElo "1439"]
[BlackElo "1638"]
[Opening "King's Indian: Smyslov system"]
[ECO "E61"]
[NIC "KI.76"]
[Time "16:15:27"]
[TimeControl "300+3"]

1. d4 d6 2. c4 g6 3. Nc3 Bg7 4. Nf3 Nf6 5. Bg5 O-O 6. e3 h6 7. Bh4 Nbd7 8.
Be2 e5 9. O-O exd4 10. exd4 Re8 11. h3 c6 12. Bd3 Qc7 13. Bg3 Nh5 14. Bh2 c5
15. Nb5 Qb6 16. Nxd6 Re7 17. dxc5 Nxc5 18. Nxc8 Rxc8 19. Bc2 Ne6 20. Rb1
Rxc4 21. Bb3 Rc8 22. Re1 Rce8 23. Qd6 Bd4 24. Qxb6 Bxb6 25. Bd6 Rd7 26. Ba4
Rxd6 27. Bxe8 Nhf4 28. Rbd1 Nd3 29. Kf1 Rd8 30. Rxe6 fxe6 31. Bxg6 Nxb2 32.
Rxd8+ Bxd8 33. Be4 b5 34. Ne5 Bf6 35. Nc6 a6 36. Nb4 a5 37. Nd3 Nc4 38. Ke2
b4 39. Nc5 Kf7 40. Bc2 Bd4 41. Nb3 Bb6 42. Bd3 Nb2 43. Bb5 a4 44. Nd2 Bd4
45. g3 Kf6 46. f3 Ke5 47. Nc4+ Nxc4 48. Bxc4 Kf5 49. Kd3 e5 50. Bd5 Bf2 51.
Be4+ Kg5 52. g4 Kh4 53. Kc4 Be1 54. Kd5 Bc3 55. Bc2 a3 56. Ke4 Kxh3 57. Bb3
Kg3 58. Bd5 Kh4 59. Bb3 Kg5 60. Bd5 h5 61. gxh5 Kxh5 62. f4 exf4 63. Kxf4
Kg6 64. Ke4 Kf6 65. Bb3 Ke7 66. Kd5 Kf6 67. Kc4 Ke5 68. Bc2 Kf4 69. Kb3 Ke3
70. Bh7 Kd2 71. Bg6 Kc1 72. Bh7 Kd2 {Game drawn by mutual agreement} 1/2-1/2